 Dungeon Crawl Stone Soup version 0.19.0-11-g3fc08b3 (webtiles) character file.

95 Stormleaks the Twirler (level 4, 0/37 HPs)
             Began as a Centaur Gladiator on Nov 9, 2016.
             Slain by rekpake's ghost (8 damage)
             ... on level 3 of the Dungeon.
             The game lasted 00:06:54 (2297 turns).

Stormleaks the Twirler (Centaur Gladiator)          Turns: 2297, Time: 00:06:54

Health: 0/37       AC:  6    Str: 18    XL:     4   Next: 39%
Magic:  4/4        EV: 10    Int:  7    God:
Gold:   57         SH:  0    Dex: 10    Spells: 0 memorised, 3 levels left

rFire  . . .     SeeInvis .     a - +0 quarterstaff
rCold  . . .     Gourm    .     b - +0 leather armour
rNeg   . . .     Faith    .     (shield currently unavailable)
rPois  .         Spirit   .     c - +0 helmet
rElec  .         Reflect  .     k - +0 cloak
rCorr  .         Harm     .     (no gloves)
MR     .....                    (no barding)
Stlth  +.........               (no amulet)
                                (no ring)
                                (no ring)

@: very slightly contaminated, invisible, very quick
A: hooves 3, deformed body, speed 2, tough skin 3
a: no special abilities


You were on level 3 of the Dungeon.
You were not hungry.

You visited 1 branch of the dungeon, and saw 3 of its levels.

You collected 57 gold pieces.

Inventory:

Hand Weapons
 a - a +0 quarterstaff (weapon)
Armour
 b - a +0 leather armour (worn)
 c - a +0 helmet (worn)
 k - a +0 cloak (worn)
Scrolls
 e - 4 scrolls of identify
 f - a scroll of teleportation {unknown}
 g - a scroll of enchant weapon {unknown}
 i - a scroll of immolation {unknown}
 j - a scroll of fear {unknown}
 l - 2 scrolls of enchant armour {unknown}
 m - a scroll of remove curse {unknown}
 n - a scroll of amnesia {unknown}
Comestibles
 d - a bread ration


   Skills:
 + Level 2.3 Fighting
 + Level 3.5 Staves
 + Level 2.4 Throwing
 + Level 1.0 Armour
 + Level 2.8 Dodging
 + Level 0.1 Stealth


You had 3 spell levels left.
You didn't know any spells.

Dungeon Overview and Level Annotations

Branches:
Dungeon (3/15)

Altars:
Ashenzari
Makhleb

Annotations:
D:3 rekpake's ghost, amateur HOFi


Innate Abilities, Weirdness & Mutations

You have hooves in place of feet.
Armour fits poorly on your strangely shaped body.
You cover ground very quickly.
You have extremely tough skin. (AC +3)


Message History

Throwing (i - inventory):
o - 2 throwing nets (quivered)
Press: ? - help, Shift-Dir - straight line, f/p - rekpake's ghost
Aim: rekpake's ghost (moderately damaged, immune to nets)
You throw a throwing net. The throwing net hits rekpake's ghost.
The net passes right through rekpake's ghost!
Rekpake's ghost is moderately damaged.
Throwing (i - inventory):
o - a throwing net (quivered)
Press: ? - help, Shift-Dir - straight line, f/p - rekpake's ghost
Aim: rekpake's ghost (moderately damaged, immune to nets)
You throw a throwing net. The throwing net hits rekpake's ghost.
The net passes right through rekpake's ghost!
Rekpake's ghost is moderately damaged.
As you read the scroll labeled CAMNIA HYSUFOM, it crumbles to dust.
It is a scroll of identify.
h - a potion of invisibility You fade into invisibility!
Rekpake's ghost barely misses you.
You are very lightly contaminated with residual magic.
Rekpake's ghost hits you!
You die...

###......
#.....#..
##..(.....
##.........
####...%.....#
####(..........##
#..(.........###
##.(..[.......#
####@..#.#.##....#
#...W###...#######
#..### ##### ####


You could see rekpake's ghost.

Vanquished Creatures
  3 adders (D:2)
  2 oozes (D:1)
  A worm (D:2)
  A dart slug (D:2)
  A leopard gecko (D:2)
  3 giant cockroaches
  7 hobgoblins
  5 jackals
  10 kobolds
  2 ball pythons (D:1)
  5 bats
  4 frilled lizards (D:1)
  A goblin (D:2)
  9 rats
54 creatures vanquished.

Notes
Turn   | Place    | Note
-------+----------+-------------------------------------------
     0 | D:1      | Stormleaks the Centaur Gladiator began the quest for the Orb.
     0 | D:1      | Reached XP level 1. HP: 17/17 MP: 1/1
    93 | D:1      | Reached XP level 2. HP: 16/24 MP: 2/2
   340 | D:1      | Reached skill level 3 in Staves
   371 | D:1      | Reached XP level 3. HP: 27/29 MP: 3/3
  1255 | D:2      | Reached XP level 4. HP: 12/36 MP: 4/4
  1802 | D:2      | Found a shattered altar of Ashenzari.
  1809 | D:2      | Found a burning altar of Makhleb.
  2208 | D:3      | Reached skill level 1 in Armour
  2217 | D:3      | Noticed rekpake's ghost (amateur HOFi)
  2297 | D:3      | Slain by rekpake's ghost

Skill      XL: |  1  2  3  4 |
---------------+-------------+-----
Staves         | 3 |  3.5
Armour         | 1 |  1.0
Fighting       | |  2.3
Throwing       | |  2.4
Dodging        | |  2.8
Stealth        | |  0.1

Action                   |  1- 3 |  4- 6 || total
-------------------------+-------+-------++-------
Melee: Quarterstaff      |   121 |    28 ||   149
       Kick              |    18 |     7 ||    25
Throw: Throwing net      |       |     9 ||     9
  Use: Potion            |       |     3 ||     3
       Scroll            |       |     1 ||     1
  Eat: Bread ration      |       |     1 ||     1
Armor: Leather armour    |    75 |    10 ||    85
Dodge: Dodged            |    91 |    14 ||   105
